[Event "Team 45 45 League T97"]
[Site "Internet Chess Club"]
[Date "2023.08.21"]
[Round "2"]
[White "manfredo"]
[Black "rubo"]
[Result "1/2-1/2"]
[WhiteElo "1549"]
[BlackElo "1474"]
[Opening "Caro-Kann: Tartakower (fantasy) variation"]
[ECO "B12"]
[Time "19:08:22"]
[PlyCount "55"]
[TimeControl "2700+45"]

1. e4 c6 2. d4 d5 3. f3 Qc7 4. Nc3 dxe4 5. fxe4 e5 6. dxe5 Qxe5 7. Nf3 Qc7 8.
Bc4 Bg4 9. Qd3 Nd7 10. Ng5 Ne5 11. Qg3 Bd6 12. Bxf7+ Nxf7 13. Qxg4 Nxg5 14. Bxg5
Nf6 15. Bxf6 gxf6 16. Qh5+ Qf7 17. Qxf7+ Kxf7 18. O-O-O Rad8 19. g3 Be5 20. Ne2
Ke6 21. Nf4+ Bxf4+ 22. gxf4 Rxd1+ 23. Rxd1 Rg8 24. b3 Ke7 25. Rd2 Rg1+ 26. Rd1
Rg2 27. Rd2 Rg1+ 28. Rd1 {Game drawn by mutual agreement} 1/2-1/2

[Event "Team 45 45 League T97"]
[Site "Internet Chess Club"]
[Date "2023.08.16"]
[Round "2"]
[White "g8wrb"]
[Black "fvafier"]
[Result "0-1"]
[WhiteElo "1280"]
[BlackElo "1503"]
[Opening "French: Tarrasch, open variation"]
[ECO "C07"]
[Time "13:01:54"]
[PlyCount "110"]
[TimeControl "2700+45"]

1. e4 e6 2. d4 d5 3. Nd2 c5 4. exd5 Qxd5 5. Ndf3 Nf6 6. Ne2 Be7 7. Nc3 Qd8 8.
Bb5+ Bd7 9. dxc5 Bxc5 10. O-O O-O 11. Bg5 Be7 12. Qe2 Bxb5 13. Qxb5 Qc7 14. Rfe1
Nc6 15. Rad1 Rfd8 16. a3 a6 17. Qc4 Rac8 18. Bf4 Qb6 19. Na4 Qa5 20. Bd2 Qc7 21.
Bf4 Bd6 22. Bxd6 Rxd6 23. Rxd6 Qxd6 24. Nc3 b5 25. Qh4 Rd8 26. Ne4 Nxe4 27. Qxe4
h6 28. c4 bxc4 29. Qxc4 Ne7 30. h3 Qb6 31. b4 Rc8 32. Qd3 Nd5 33. Ra1 Rc3 34.
Qd4 Qc6 35. Qa7 Rc1+ 36. Rxc1 Qxc1+ 37. Kh2 Qxa3 38. b5 Qd6+ 39. g3 axb5 40. Nd4
b4 41. Nb3 Qe5 42. Qa2 Qc3 43. Qa4 Kf8 44. Qa2 Ke7 45. Qa4 Qc2 46. Qa7+ Kf6 47.
Qd4+ Kg6 48. Qg4+ Kh7 49. Qf3 Qc3 50. Qe4+ Kh8 51. Qb1 Qf3 52. Qb2 Nc3 53. Nd4
Qb7 54. Nb3 Qb6 55. Qa1 Qxf2+ {White resigns} 0-1

[Event "Team 45 45 League T97"]
[Site "Internet Chess Club"]
[Date "2023.08.18"]
[Round "2"]
[White "Denis240964"]
[Black "SeniorCitizen"]
[Result "0-1"]
[WhiteElo "1361"]
[BlackElo "1195"]
[Opening "French: exchange variation"]
[ECO "C01"]
[Time "12:00:30"]
[PlyCount "118"]
[TimeControl "2700+45"]

1. e4 e6 2. d4 d5 3. exd5 exd5 4. Nf3 Ne7 5. Bd3 g6 6. Bg5 Bg7 7. O-O O-O 8. Qd2
Re8 9. Re1 Be6 10. c3 c6 11. Na3 Qc7 12. Nc2 Nd7 13. Bf4 Qd8 14. Ng5 Bf5 15. Nf3
Bxd3 16. Qxd3 Nf6 17. Re2 Qd7 18. Ne5 Qd8 19. Rae1 Nd7 20. Nf3 Nf6 21. h3 Nf5
22. g4 Rxe2 23. Rxe2 Nd6 24. g5 Nh5 25. Bh2 Qd7 26. Kg2 Nf5 27. Ne5 Bxe5 28.
dxe5 Re8 29. f4 Re6 30. Nd4 Re8 31. Nf3 Nhg7 32. c4 Ne6 33. b3 Rd8 34. Rd2 d4
35. b4 c5 36. a3 b6 37. Qe4 Ne3+ 38. Kf2 Nf5 39. Bg1 d3 40. Ne1 Qd4+ 41. Qxd4
Rxd4 42. Nxd3 Nxf4 43. Kf3 Rxd3+ 44. Rxd3 Nxd3 45. b5 Kf8 46. Ke4 Nb2 47. Kd5
Ne7+ 48. Kd6 Nxc4+ 49. Kc7 Nxa3 50. Kb7 Nxb5 51. Ka6 Nd4 52. Kxa7 Nd5 53. Ka6
Ke7 54. Bh2 Ke6 55. h4 c4 56. Bg1 Kxe5 57. Bf2 c3 58. Be1 c2 59. Bd2 Nb3 {White
resigns} 0-1

[Event "Team 45 45 League T97"]
[Site "Internet Chess Club"]
[Date "2023.08.19"]
[Round "2"]
[White "ARMAND02019"]
[Black "clarinetref"]
[Result "1-0"]
[WhiteElo "1590"]
[BlackElo "1539"]
[Opening "English: symmetrical variation"]
[ECO "A30"]
[Time "20:01:03"]
[PlyCount "45"]
[TimeControl "2700+45"]

1. c4 c5 2. e4 e6 3. d3 d5 4. cxd5 exd5 5. e5 d4 6. Nf3 Nc6 7. Bf4 Be6 8. a3
Qa5+ 9. Nbd2 f6 10. Be2 Qc7 11. Qa4 Bd7 12. e6 Qxf4 13. exd7+ Kxd7 14. Qb3 Na5
15. Qf7+ Ne7 16. b4 Nc6 17. bxc5 Ne5 18. Nxe5+ Qxe5 19. Rb1 Kc6 20. Kf1 Nd5 21.
Bf3 Bxc5 22. Qxb7+ Kd6 23. Nc4+ {Black resigns} 1-0

[Event "Team 45 45 League T97"]
[Site "Internet Chess Club"]
[Date "2023.08.17"]
[Round "2"]
[White "garytd"]
[Black "Signofthetimes"]
[Result "0-1"]
[WhiteElo "1484"]
[BlackElo "1621"]
[Opening "Caro-Kann: exchange variation"]
[ECO "B13"]
[Time "09:00:17"]
[PlyCount "102"]
[TimeControl "2700+45"]

1. e4 c6 2. d4 d5 3. exd5 cxd5 4. Bd3 Nf6 5. c4 e6 6. Nc3 Bb4 7. Nf3 O-O 8. O-O
Nc6 9. a3 Be7 10. Bf4 a6 11. c5 b6 12. b4 Nh5 13. Bg3 Nxg3 14. hxg3 Bf6 15. Bc2
bxc5 16. bxc5 Rb8 17. Re1 Bd7 18. Na4 Na7 19. Nb6 Nc8 20. Qd3 g6 21. Nxc8 Qxc8
22. Ne5 Bb5 23. Qc3 Bxe5 24. Rxe5 Bc4 25. Ree1 Qc7 26. Rab1 Rxb1 27. Rxb1 Rb8
28. Rb4 Rxb4 29. Qxb4 a5 30. Qb2 Kf8 31. Ba4 Ke7 32. c6 f6 33. Qb7 Kd6 34. f4
Qxb7 35. cxb7 Kc7 36. Bd7 Kxb7 37. Bxe6 Kb6 38. Bd7 Bb5 39. Be6 Bc6 40. a4 Kc7
41. Bg8 h6 42. Bf7 g5 43. fxg5 hxg5 44. Kf2 Kd6 45. Ke1 Bxa4 46. Kd2 Bb5 47. Kc3
f5 48. Bh5 Bf1 49. Kb3 Kc6 50. Bg6 f4 51. gxf4 gxf4 {White resigns} 0-1

[Event "Team 45 45 League T97"]
[Site "Internet Chess Club"]
[Date "2023.08.19"]
[Round "2"]
[White "Kingofknights"]
[Black "DaveTheRook"]
[Result "1-0"]
[WhiteElo "1541"]
[BlackElo "1461"]
[Opening "King's Indian: Sämisch, 5...O-O"]
[ECO "E81"]
[Time "15:00:22"]
[PlyCount "79"]
[TimeControl "2700+45"]

1. d4 Nf6 2. c4 g6 3. f3 Bg7 4. e4 d6 5. Nc3 O-O 6. Bg5 h6 7. Be3 Nbd7 8. Qd2
Kh7 9. Bd3 c6 10. g4 e5 11. d5 c5 12. h4 h5 13. gxh5 Nxh5 14. Nge2 a6 15. O-O-O
Rh8 16. f4 Ndf6 17. fxe5 Ng4 18. Bg5 f6 19. exf6 Bxf6 20. Rdf1 Bxg5 21. hxg5 Kg7
22. Nf4 Bd7 23. Ne6+ Bxe6 24. dxe6 Ne5 25. Be2 Ng3 26. Rxh8 Qxh8 27. Qxd6 Nxf1
28. Qxe5+ Kg8 29. Qxh8+ Kxh8 30. Bxf1 Kg7 31. Nd5 Rh8 32. Kd2 Rh1 33. Be2 Rg1
34. Ke3 Rxg5 35. Kf4 Rg2 36. Bg4 Rxb2 37. e7 Kf7 38. Bd7 g5+ 39. Kg4 Rg2+ 40.
Kf3 {Black resigns} 1-0

[Event "Team 45 45 League T97"]
[Site "Internet Chess Club"]
[Date "2023.08.18"]
[Round "2"]
[White "herrahuu"]
[Black "tightfist"]
[Result "0-1"]
[WhiteElo "1408"]
[BlackElo "1367"]
[Opening "French: advance, Wade variation"]
[ECO "C02"]
[Time "12:00:34"]
[PlyCount "56"]
[TimeControl "2700+45"]

1. e4 e6 2. d4 d5 3. e5 c5 4. c3 Bd7 5. Nf3 Qb6 6. Be2 Nc6 7. a3 cxd4 8. cxd4
Nge7 9. b4 Nf5 10. Be3 Nxe3 11. fxe3 a6 12. O-O Be7 13. Nbd2 O-O 14. Nb3 Rac8
15. Nc5 Bxc5 16. dxc5 Qc7 17. b5 Nxe5 18. bxa6 Nxf3+ 19. Rxf3 bxa6 20. Bxa6 Ra8
21. Bd3 f5 22. Rh3 Rf6 23. Qc2 e5 24. Rh5 e4 25. Be2 Be8 26. Rh3 Ra5 27. g4 Rxc5
28. Qb2 Rc2 {White resigns} 0-1

[Event "Team 45 45 League T97"]
[Site "Internet Chess Club"]
[Date "2023.08.21"]
[Round "2"]
[White "room-matt"]
[Black "Tufnell"]
[Result "0-1"]
[WhiteElo "1794"]
[BlackElo "2022"]
[Opening "Richter-Veresov attack"]
[ECO "D01"]
[Time "11:03:41"]
[PlyCount "140"]
[TimeControl "2700+45"]

1. d4 Nf6 2. Nc3 d5 3. Bg5 Nbd7 4. Nf3 g6 5. e3 Bg7 6. Bd3 O-O 7. O-O c5 8. Re1
a6 9. e4 dxe4 10. Nxe4 cxd4 11. Nxd4 Nxe4 12. Bxe4 Nc5 13. Nb3 Nxe4 14. Rxe4
Bxb2 15. Bxe7 Qxd1+ 16. Rxd1 Re8 17. c4 Be6 18. Bd6 f5 19. Re2 Bg7 20. c5 a5 21.
Rde1 a4 22. Nc1 Bc3 23. Rd1 a3 24. h3 Bb2 25. Kh2 Bd7 26. Rxe8+ Rxe8 27. Bf4 Ba4
28. Rd6 Re1 29. Nd3 Ra1 30. Nb4 Rd1 31. Rxd1 Bxd1 32. Kg3 Be2 33. Bd6 Kf7 34.
Kf4 Ke6 35. Ke3 Bf1 36. Kf3 Bc4 37. Ke3 Bf1 38. Kf3 Bc1 39. h4 Bc4 40. Bf4 Bb2
41. Ke3 Bc3 42. Nc2 Bxa2 43. Nxa3 Bb4 44. Nb5 Bxc5+ 45. Kf3 Bd5+ 46. Kg3 Bc6 47.
Nc3 b5 48. Nd1 Bd6 49. Bxd6 Kxd6 50. f3 Ke5 51. Nb2 Kd4 52. Kf4 b4 53. g3 b3 54.
Nd1 Kd3 55. g4 Kd2 56. Nb2 Kc2 57. Nc4 b2 58. gxf5 gxf5 59. Kxf5 Bxf3 60. Kg5
b1=Q 61. Na3+ Kb2 62. Nxb1 Kxb1 63. Kf4 Bd1 64. Kg5 Kc1 65. Kf4 Kd2 66. Kg5 h5
67. Kf4 Kd3 68. Ke5 Ke3 69. Kf5 Bg4+ 70. Kg5 Kf2 {White resigns} 0-1

[Event "Team 45 45 League T97"]
[Site "Internet Chess Club"]
[Date "2023.08.19"]
[Round "2"]
[White "Lawkeito"]
[Black "bobhill"]
[Result "1/2-1/2"]
[WhiteElo "1796"]
[BlackElo "1808"]
[Opening "QGD: Charousek (Petrosian) variation"]
[ECO "D31"]
[Time "21:01:07"]
[PlyCount "157"]
[TimeControl "2700+45"]

1. d4 d5 2. c4 e6 3. Nc3 Be7 4. cxd5 exd5 5. Bf4 Nf6 6. e3 O-O 7. Bd3 c6 8. Qc2
Nbd7 9. Nf3 Re8 10. O-O Nf8 11. h3 h6 12. Rab1 Be6 13. b4 a6 14. a4 b5 15. Rfc1
Rc8 16. Ne5 N8d7 17. Ne2 Nxe5 18. dxe5 Nd7 19. axb5 cxb5 20. Qxc8 Qxc8 21. Rxc8
Rxc8 22. Nd4 Nb6 23. Ra1 Na4 24. Rb1 g5 25. Bg3 Nc3 26. Rb2 Ne4 27. Kh2 Rc1 28.
f3 Nc3 29. Bf5 Nd1 30. Rb3 Bxf5 31. Nxf5 Bf8 32. Nd6 Nc3 33. Ra3 Na4 34. Rb3 Kg7
35. h4 Kg6 36. hxg5 hxg5 37. f4 f5 38. fxg5 Be7 39. Bf4 Bxg5 40. g3 Be7 41. Kg2
Rc2+ 42. Kf3 Nc3 43. g4 fxg4+ 44. Kxg4 Ne4 45. Rb1 Rc6 46. Nf5 Bf8 47. Nd4 Rb6
48. Rb2 Kg7 49. Kf5 Kf7 50. e6+ Ke7 51. Ke5 Bg7+ 52. Kxd5 Bxd4 53. exd4 Nc3+ 54.
Ke5 Rxe6+ 55. Kf5 Nd5 56. Be5 Ne3+ 57. Ke4 Nc4 58. Rh2 Nxe5 59. dxe5 Rg6 60. Kd5
Rg4 61. Rh7+ Ke8 62. Ra7 Rxb4 63. Rxa6 Rb1 64. Ra7 b4 65. Rb7 b3 66. Ke6 Kd8 67.
Rb4 b2 68. Rb3 Kc7 69. Ke7 Kc6 70. e6 Kc5 71. Ke8 Kc4 72. Rb7 Kc3 73. Rc7+ Kd4
74. Rb7 Kc3 75. Rc7+ Kd4 76. Rb7 Kc3 77. Rc7+ Kd4 78. Rb7 Kc3 79. Rc7+ {Game
drawn by repetition} 1/2-1/2

[Event "Team 45 45 League T97"]
[Site "Internet Chess Club"]
[Date "2023.08.20"]
[Round "2"]
[White "Beetlejuice"]
[Black "garytd"]
[Result "1-0"]
[WhiteElo "1676"]
[BlackElo "1476"]
[Opening "English: symmetrical variation"]
[ECO "A34"]
[Time "10:00:24"]
[PlyCount "53"]
[TimeControl "2700+45"]

1. c4 c5 2. Nc3 g6 3. g3 Bg7 4. Bg2 Nf6 5. e4 Nc6 6. Nge2 O-O 7. O-O Ne8 8. d3
Nc7 9. Be3 Nd4 10. Rb1 a5 11. Qd2 d6 12. Bh6 Nce6 13. Bxg7 Kxg7 14. Nd5 Nxe2+
15. Qxe2 Nd4 16. Qd2 Bh3 17. f4 Bxg2 18. Kxg2 b5 19. f5 f6 20. g4 g5 21. h4 h6
22. Rh1 b4 23. hxg5 hxg5 24. Rh5 e6 25. Rbh1 Kf7 26. Rh7+ Ke8 27. Nc7+ {Black
resigns} 1-0

[Event "Team 45 45 League T97"]
[Site "Internet Chess Club"]
[Date "2023.08.17"]
[Round "2"]
[White "ChessG2011"]
[Black "discipulo"]
[Result "1-0"]
[WhiteElo "1463"]
[BlackElo "1686"]
[Opening "French: advance, Wade variation"]
[ECO "C02"]
[Time "13:00:20"]
[PlyCount "117"]
[TimeControl "2700+45"]

1. e4 e6 2. d4 d5 3. e5 c5 4. c3 Qb6 5. Nf3 Bd7 6. Nbd2 cxd4 7. cxd4 Bb5 8.
Bxb5+ Qxb5 9. Qe2 Qa6 10. Qxa6 Nxa6 11. a3 Ne7 12. Nb3 Nc6 13. Bd2 Be7 14. Rc1
O-O 15. O-O Rfc8 16. Na5 Nxa5 17. Bxa5 b6 18. Bd2 h6 19. Rc3 Rxc3 20. Bxc3 Rc8
21. Rc1 Nb8 22. Bd2 Rxc1+ 23. Bxc1 Nc6 24. Bd2 a5 25. Kf1 Kf8 26. Ke2 Ke8 27.
Kd3 Kd7 28. Ne1 b5 29. Nc2 Kc7 30. g3 h5 31. h4 Kb6 32. b4 a4 33. f3 Kc7 34. Ne1
Nb8 35. Ng2 Nd7 36. Nf4 g6 37. Ng2 Nb6 38. Bc1 Nc4 39. g4 hxg4 40. fxg4 Kd7 41.
h5 gxh5 42. gxh5 Ke8 43. Ne3 Kf8 44. Nxc4 dxc4+ 45. Ke4 f5+ 46. exf6 Bxf6 47. d5
Ke7 48. h6 Kd6 49. dxe6 Kxe6 50. Be3 c3 51. Kd3 Kd5 52. h7 Bg7 53. Bh6 Be5 54.
Bf4 Bf6 55. Bg3 c2 56. Kxc2 Kc4 57. Bf4 Bd4 58. Bc1 Kd5 59. Bb2 {Black resigns}
1-0

[Event "Team 45 45 League T97"]
[Site "Internet Chess Club"]
[Date "2023.08.20"]
[Round "2"]
[White "pmarcal"]
[Black "timcent"]
[Result "0-1"]
[WhiteElo "1702"]
[BlackElo "1893"]
[Opening "Queen's pawn: London system"]
[ECO "A45"]
[Time "20:05:54"]
[PlyCount "62"]
[TimeControl "2700+45"]

1. d4 Nf6 2. Bf4 e6 3. e3 Be7 4. Nf3 Nh5 5. Bg3 Nxg3 6. hxg3 h6 7. Nbd2 c5 8.
Bd3 d5 9. Ne5 Nc6 10. Ndf3 Bf6 11. c3 Qc7 12. Qa4 c4 13. Bb1 a6 14. Nxc6 Bd7 15.
Qc2 Bxc6 16. b4 a5 17. a4 axb4 18. cxb4 Be7 19. Ne5 Bxb4+ 20. Ke2 Bd6 21. Nxc6
Qxc6 22. Ba2 O-O 23. Rhb1 Qxa4 24. Qxa4 Rxa4 25. Rxb7 Rfa8 26. Rb2 e5 27. Kd1
exd4 28. exd4 Be7 29. Rd2 Bf6 30. Kc1 c3 31. Rc2 Bxd4 {White resigns} 0-1

[Event "Team 45 45 League T97"]
[Site "Internet Chess Club"]
[Date "2023.08.20"]
[Round "2"]
[White "Pawnchain"]
[Black "magiclydonkey"]
[Result "0-1"]
[WhiteElo "1300"]
[BlackElo "1575"]
[Opening "King's Indian: London system"]
[ECO "A45"]
[Time "14:00:24"]
[PlyCount "68"]
[TimeControl "2700+45"]

1. d4 Nf6 2. Bf4 g6 3. Nf3 Bg7 4. c3 O-O 5. e3 d6 6. Nbd2 Nc6 7. Be2 Qe8 8. O-O
e5 9. dxe5 dxe5 10. Bg5 h6 11. Bh4 Be6 12. e4 Nh7 13. Bg3 f5 14. exf5 gxf5 15.
h3 e4 16. Nd4 Nxd4 17. cxd4 f4 18. Bh2 Qg6 19. Kh1 Rad8 20. Bh5 Qg5 21. Nxe4 Qf5
22. Bf3 Rxd4 23. Qc2 Ng5 24. Qxc7 Nxe4 25. Bg4 Qf7 26. Bxe6 Qxe6 27. Qc2 Rd2 28.
Qb3 Qxb3 29. axb3 Nxf2+ 30. Kg1 Bd4 31. Rxf2 Rxf2 32. Ra4 Rd2+ 33. Kf1 Rc8 34.
Bxf4 Rc1# {White checkmated} 0-1

[Event "Team 45 45 League T97"]
[Site "Internet Chess Club"]
[Date "2023.08.21"]
[Round "2"]
[White "keithuws1"]
[Black "smsxman"]
[Result "1-0"]
[WhiteElo "1437"]
[BlackElo "1412"]
[Opening "Scandinavian (center counter) defense"]
[ECO "B01"]
[Time "21:00:24"]
[PlyCount "39"]
[TimeControl "2700+45"]

1. e4 d5 2. exd5 Qxd5 3. Nc3 Qd8 4. d4 e6 5. Nf3 Nf6 6. Bc4 c5 7. Bf4 Nc6 8. d5
exd5 9. Nxd5 Nxd5 10. Qxd5 Be6 11. Qe4 Qe7 12. O-O-O Rd8 13. Bg5 f6 14. Bxe6
fxg5 15. Rhe1 Rxd1+ 16. Rxd1 Nd8 17. Qa4+ Nc6 18. Qg4 h5 19. Bd7+ Kd8 20. Bxc6+
{Black resigns} 1-0

[Event "Team 45 45 League T97"]
[Site "Internet Chess Club"]
[Date "2023.08.19"]
[Round "2"]
[White "LookImYourVader"]
[Black "iSeba"]
[Result "0-1"]
[WhiteElo "1751"]
[BlackElo "1962"]
[Opening "Bishop's opening: Berlin defense"]
[ECO "C24"]
[Time "15:00:51"]
[PlyCount "20"]
[TimeControl "2700+45"]

1. e4 e5 2. Bc4 Nf6 3. d3 d5 4. exd5 c6 5. Qe2 cxd5 6. Qxe5+ Be7 7. Bb5+ Nc6 8.
Nf3 O-O 9. Bxc6 bxc6 10. Bf4 Bb4+ {White resigns} 0-1

[Event "Team 45 45 League T97"]
[Site "Internet Chess Club"]
[Date "2023.08.18"]
[Round "2"]
[White "ARMAND02019"]
[Black "fishhead"]
[Result "0-1"]
[WhiteElo "1575"]
[BlackElo "1627"]
[Opening "Sicilian: Najdorf"]
[ECO "B90"]
[Time "15:10:08"]
[PlyCount "62"]
[TimeControl "2700+45"]

1. e4 c5 2. Nf3 d6 3. d4 cxd4 4. Nxd4 Nf6 5. Nc3 a6 6. Bd3 e5 7. Nf3 Be7 8. h3
b5 9. Qe2 b4 10. Nd1 Nbd7 11. Bd2 a5 12. Be3 Bb7 13. Nd2 d5 14. exd5 Nxd5 15.
O-O O-O 16. c4 bxc3 17. Nxc3 Nxe3 18. Qxe3 Bc5 19. Qe2 f5 20. Bc4+ Kh8 21. Nb3
Qg5 22. Bd5 Ba6 23. Nb5 Bb6 24. Bxa8 Rxa8 25. a4 Bb7 26. g4 f4 27. Nd6 Bd5 28.
Qd3 e4 29. Nxe4 Qe5 30. Rfe1 f3 31. Ng3 Qxg3+ {White resigns} 0-1

[Event "Team 45 45 League T97"]
[Site "Internet Chess Club"]
[Date "2023.08.18"]
[Round "2"]
[White "jfkingiii"]
[Black "kabindra"]
[Result "1/2-1/2"]
[WhiteElo "1465"]
[BlackElo "1731"]
[Opening "Vienna gambit"]
[ECO "C29"]
[Time "17:00:29"]
[PlyCount "53"]
[TimeControl "2700+45"]

1. e4 e5 2. Nc3 Nf6 3. f4 d5 4. fxe5 Nxe4 5. Nf3 Bg4 6. g3 Nc6 7. Bb5 Ng5 8. Be2
d4 9. Nxg5 Qxg5 10. Bxg4 dxc3 11. dxc3 Qxe5+ 12. Qe2 Bc5 13. Bf4 Qxe2+ 14. Kxe2
Bb6 15. Rad1 O-O 16. Rd7 Rfe8+ 17. Kf3 Ne5+ 18. Bxe5 Rxe5 19. Rhd1 f5 20. Rd8+
Rxd8 21. Rxd8+ Kf7 22. Kf4 Re1 23. Bxf5 Rf1+ 24. Ke4 Re1+ 25. Kf4 Rf1+ 26. Ke4
Re1+ 27. Kf4 {Game drawn by repetition} 1/2-1/2

[Event "Team 45 45 League T97"]
[Site "Internet Chess Club"]
[Date "2023.08.19"]
[Round "2"]
[White "isolani"]
[Black "Andressa"]
[Result "1-0"]
[WhiteElo "1546"]
[BlackElo "1298"]
[Opening "QGD: 4.Nf3"]
[ECO "D37"]
[Time "09:13:06"]
[PlyCount "41"]
[TimeControl "2700+45"]

1. Nf3 d5 2. d4 Nf6 3. c4 e6 4. Nc3 Nc6 5. e3 Bb4 6. Qc2 O-O 7. Bd2 h6 8. Bd3
Bxc3 9. bxc3 Re8 10. O-O Ne7 11. Ne5 b6 12. e4 Bb7 13. f3 c5 14. Rab1 dxe4 15.
fxe4 cxd4 16. Nxf7 Kxf7 17. e5 Nf5 18. exf6 Qxf6 19. Bxf5 Ke7 20. Be4 Bxe4 21.
Qxe4 {Black resigns} 1-0

[Event "Team 45 45 League T97"]
[Site "Internet Chess Club"]
[Date "2023.08.22"]
[Round "2"]
[White "Goli"]
[Black "primerpaso"]
[Result "1/2-1/2"]
[WhiteElo "1783"]
[BlackElo "1765"]
[Opening "Sicilian: Alapin's variation (2.c3)"]
[ECO "B22"]
[Time "16:04:59"]
[PlyCount "51"]
[TimeControl "2700+45"]

1. e4 c5 2. c3 d5 3. exd5 Qxd5 4. d4 Nf6 5. Nf3 Bg4 6. Be2 e6 7. O-O Be7 8. h3
Bh5 9. Be3 cxd4 10. cxd4 O-O 11. Nc3 Qd6 12. a3 Nc6 13. b4 Rac8 14. Rc1 Nd5 15.
Nxd5 Qxd5 16. Qd2 a6 17. Rfd1 Na7 18. Qb2 Bd6 19. Rxc8 Rxc8 20. Rc1 Rxc1+ 21.
Qxc1 Qc6 22. Qd2 Qd5 23. Qc1 Qc6 24. Qd2 Qd5 25. Qc1 Qc6 26. Qd2 {Game drawn by
repetition} 1/2-1/2

[Event "Team 45 45 League T97"]
[Site "Internet Chess Club"]
[Date "2023.08.16"]
[Round "2"]
[White "QuieroAprender"]
[Black "fhunfi"]
[Result "1-0"]
[WhiteElo "1568"]
[BlackElo "1697"]
[Opening "Queen's pawn"]
[ECO "A40"]
[Time "21:00:31"]
[PlyCount "97"]
[TimeControl "2700+45"]

1. d4 e6 2. Nf3 Nf6 3. Bf4 c5 4. e3 cxd4 5. exd4 Be7 6. Bd3 O-O 7. c3 b6 8. Nbd2
Bb7 9. Qc2 d6 10. Ne4 Nxe4 11. Bxe4 Bxe4 12. Qxe4 Nd7 13. h4 Nf6 14. Qe2 Rc8 15.
Ng5 Qd7 16. Ne4 Nxe4 17. Qxe4 Qc6 18. Qxc6 Rxc6 19. h5 Rfc8 20. Rh3 b5 21. Rd1
d5 22. Rg3 Bd6 23. Bxd6 Rxd6 24. f4 Rdc6 25. a3 a5 26. Rb1 Rc4 27. Kd2 b4 28. h6
g6 29. Re3 Kf8 30. axb4 axb4 31. Ra1 R4c7 32. g4 Rb7 33. Kc2 Rcb8 34. b3 bxc3
35. Rxc3 Ke7 36. g5 f6 37. Ra6 fxg5 38. fxg5 Rf8 39. Rcc6 Rf2+ 40. Kc1 Re2 41.
Rc8 e5 42. Rh8 Rc7+ 43. Kb1 Re1+ 44. Kb2 Re2+ 45. Ka3 Rf2 46. Rxh7+ Rf7 47.
Rxf7+ Kxf7 48. Ra8 Ke6 49. Re8+ {Black resigns} 1-0

[Event "Team 45 45 League T97"]
[Site "Internet Chess Club"]
[Date "2023.08.18"]
[Round "2"]
[White "WillC"]
[Black "vollmerj"]
[Result "1/2-1/2"]
[WhiteElo "1537"]
[BlackElo "1520"]
[Opening "English, 1...Nf6 (Anglo-Indian defense)"]
[ECO "A15"]
[Time "07:00:31"]
[PlyCount "58"]
[TimeControl "2700+45"]

1. c4 Nf6 2. g3 g6 3. Bg2 Bg7 4. Nc3 O-O 5. e4 d6 6. d3 c5 7. Nge2 Nc6 8. O-O a6
9. f4 Bg4 10. h3 Bxe2 11. Qxe2 Nd4 12. Qf2 Rb8 13. Be3 e5 14. fxe5 dxe5 15. Nd5
Nxd5 16. cxd5 b5 17. Rac1 Rc8 18. Kh1 c4 19. dxc4 Rxc4 20. Rxc4 bxc4 21. Rc1 Qa5
22. a3 f5 23. Bxd4 exd4 24. exf5 Rxf5 25. Qe2 d3 26. Qe6+ Kh8 27. Qc8+ Rf8 28.
Qxc4 d2 29. Rd1 Bxb2 {Game drawn by mutual agreement} 1/2-1/2

[Event "Team 45 45 League T97"]
[Site "Internet Chess Club"]
[Date "2023.08.21"]
[Round "2"]
[White "BlueStorm"]
[Black "burlap"]
[Result "0-1"]
[WhiteElo "1519"]
[BlackElo "1343"]
[Opening "French defense"]
[ECO "C00"]
[Time "20:00:27"]
[PlyCount "150"]
[TimeControl "2700+45"]

1. e4 e6 2. Nf3 d5 3. exd5 exd5 4. d4 Bd6 5. Bd3 Ne7 6. Be3 Bf5 7. Bxf5 Nxf5 8.
Qd3 Qd7 9. Nbd2 O-O 10. O-O Nc6 11. c3 Nxe3 12. fxe3 f6 13. Rae1 Rfe8 14. Nh4
Ne7 15. Nf5 Nxf5 16. Rxf5 Re7 17. Rh5 g6 18. Rh3 Rae8 19. c4 c6 20. c5 Bf4 21.
Rf3 Bg5 22. Nf1 Re6 23. b4 f5 24. Qb3 f4 25. e4 Rxe4 26. Rxe4 Rxe4 27. Qd3 Qf5
28. Qd2 Bf6 29. Rd3 Qg5 30. Qd1 f3 31. Rxf3 Rxd4 32. Qe2 Re4 33. Qd3 Bd4+ 34.
Kh1 Rf4 35. g3 Rxf3 36. Qxf3 Bb2 37. Qe2 Ba3 38. Qe8+ Kg7 39. Qd7+ Kh6 40. Qxb7
Qf5 41. Kg1 d4 42. Qxc6 Bxb4 43. Qc7 Bxc5 44. Qf4+ Qxf4 45. gxf4 d3+ 46. Kg2 Bb4
47. Kf3 d2 48. Ne3 Bc5 49. Ng4+ Kg7 50. Ke2 Bb4 51. a4 h5 52. Nf2 Kf6 53. h4 Kf5
54. Kf3 g5 55. fxg5 Bc5 56. Nd1 Bd4 57. Ke2 Kg4 58. Kxd2 Kxh4 59. Ke2 Kxg5 60.
Kf3 h4 61. a5 a6 62. Kg2 Kg4 63. Nf2+ Bxf2 64. Kxf2 Kf4 65. Kg2 Ke4 66. Kh3 Kd4
67. Kxh4 Kc4 68. Kg3 Kb5 69. Kf2 Kxa5 70. Ke3 Kb4 71. Kd3 Kb3 72. Kd2 Kb2 73.
Kd3 a5 74. Kc4 a4 75. Kb4 a3 {White resigns} 0-1

[Event "Team 45 45 League T97"]
[Site "Internet Chess Club"]
[Date "2023.08.19"]
[Round "2"]
[White "rjhoro"]
[Black "BrerRabbit"]
[Result "1-0"]
[WhiteElo "1205"]
[BlackElo "1380"]
[Opening "Queen's gambit declined"]
[ECO "D30"]
[Time "19:01:17"]
[PlyCount "71"]
[TimeControl "2700+45"]

1. d4 d5 2. c4 e6 3. Nf3 Nf6 4. e3 c5 5. dxc5 Bxc5 6. cxd5 Nxd5 7. a3 O-O 8. e4
Nf6 9. Qc2 Be7 10. Bd3 Nc6 11. e5 Nd7 12. Bf4 h6 13. O-O Nb6 14. Rd1 Bd7 15. Nc3
Rc8 16. Qe2 Rc7 17. Nb5 Rc8 18. Be4 a6 19. Nd6 Rc7 20. Rac1 Bxd6 21. exd6 Rc8
22. b4 Na4 23. Ne5 Nxe5 24. Bxe5 Rxc1 25. Rxc1 Qb8 26. h3 f6 27. Bxf6 Rxf6 28.
Rc7 Bc6 29. Bxc6 bxc6 30. Qxa6 Qb5 31. Qxb5 cxb5 32. d7 Rf8 33. Rc8 Nb6 34.
Rxf8+ Kxf8 35. d8=Q+ Kf7 36. Qxb6 {Black resigns} 1-0

[Event "Team 45 45 League T97"]
[Site "Internet Chess Club"]
[Date "2023.08.18"]
[Round "2"]
[White "smsxman"]
[Black "Toalla"]
[Result "1-0"]
[WhiteElo "1431"]
[BlackElo "1104"]
[Opening "Queen's pawn game, Darooha variation "]
[ECO "D02"]
[Time "11:02:32"]
[PlyCount "83"]
[TimeControl "2700+45"]

1. Nf3 Nf6 2. d4 d5 3. Nc3 Bg4 4. Ne5 Nbd7 5. Bf4 e6 6. Nxd7 Nxd7 7. g3 Bb4 8.
Bd2 c6 9. Bg2 O-O 10. O-O Re8 11. Re1 Nf6 12. f3 Bf5 13. a3 Be7 14. b4 h6 15.
Bf4 Bd6 16. Bxd6 Qxd6 17. e4 dxe4 18. fxe4 Bg4 19. Qd2 e5 20. d5 Nh5 21. Rf1 f5
22. h3 Nxg3 23. hxg4 Nxf1 24. Rxf1 fxg4 25. Ne2 Rf8 26. Re1 h5 27. Ng3 g6 28.
Qg5 Qf6 29. Qh6 Qf2+ 30. Kh2 Qf6 31. Rf1 Qg7 32. Qxg7+ Kxg7 33. Rd1 h4 34. Nf1
h3 35. Bh1 Rad8 36. c4 Rf4 37. Kg3 Kh6 38. d6 Kh5 39. Nh2 Rd7 40. c5 Rf6 41.
Nxg4 Re6 42. Bf3 {Black resigns} 1-0

[Event "Team 45 45 League T97"]
[Site "Internet Chess Club"]
[Date "2023.08.18"]
[Round "2"]
[White "oldbookseller"]
[Black "stantheman59"]
[Result "0-1"]
[WhiteElo "824"]
[BlackElo "1121"]
[Opening "Queen's pawn game"]
[ECO "D04"]
[Time "14:00:38"]
[PlyCount "32"]
[TimeControl "2700+45"]

1. d4 d5 2. e3 Nf6 3. Nf3 Bg4 4. Nbd2 Nc6 5. Bd3 e5 6. h3 Bh5 7. O-O e4 8. Nxe4
dxe4 9. Bxe4 Nxe4 10. d5 Ne5 11. Qd4 Nxf3+ 12. gxf3 Qg5+ 13. Kh2 Bd6+ 14. f4 Qf5
15. Rg1 Nxf2 16. Qxg7 Qxh3# {White checkmated} 0-1